 Dungeon Crawl Stone Soup version 0.30-a0-802-gb92711bcdf (webtiles) character file.

Game seed: 2192540239148293394

4505 Dittersdorf the Protected (level 10, 0/65 HPs)
             Began as a Gargoyle Fighter on Feb 23, 2023.
             Was a Believer of Okawaru.
             Slain by a troll (12 damage)
             ... on level 8 of the Dungeon.
             The game lasted 00:12:02 (7727 turns).

Dittersdorf the Protected (Gargoyle Fighter)        Turns: 7727, Time: 00:12:03

Health: 0/65       AC: 26    Str: 25    XL:     10   Next: 39%
Magic:  10/10      EV:  8    Int:  8    God:    Okawaru [**....]
Gold:   535        SH: 10    Dex:  9    Spells: 9/9 levels left

rFire   . . .      SeeInvis .    a - +0 flail (protect)
rCold   + . .      Faith    .    c - +0 buckler
rNeg    + . .      Spirit   .    r - +1 chain mail
rPois   ∞          Reflect  +    (no helmet)
rElec   +          Harm     .    (no cloak)
rCorr   .          Rampage  .    (no gloves)
Will    .....                    (no boots) Stlth
                                 b - amulet of reflection
HPRegen 0.30/turn                p - ring of protection from cold
MPRegen 0.12/turn                q - ring of flight

@: under a protective aura, flying
A: sickness immunity, AC +7, negative energy resistance 1, electricity
resistance, torment resistance 1, petrification resistance
a: Renounce Religion, Heroism


You were on level 8 of the Dungeon.
You worshipped Okawaru.
Okawaru was pleased with you.
You visited 2 branches of the dungeon, and saw 10 of its levels.
You also visited: Sewer.

You collected 535 gold pieces.

Inventory:

Hand Weapons
 a - a +0 flail of protection (weapon)
Missiles
 s - a throwing net (quivered)
Armour
 c - a +0 buckler (worn)
 r - a +1 chain mail (worn)
Jewellery
 b - an amulet of reflection (around neck)
 e - a ring of ice
 p - a ring of protection from cold (left hand)
 q - a ring of flight (right hand)
Wands
 w - a wand of iceblast (5)
Scrolls
 f - 2 scrolls of fear
 i - 3 scrolls of teleportation
 k - a scroll of fog
Potions
 d - 2 potions of might
 h - a potion of flight
 j - 3 potions of magic
 l - 3 potions of heal wounds {unknown}
 m - 4 potions of haste
 n - a potion of cancellation
 o - 4 potions of brilliance
 t - 2 potions of ambrosia


   Skills:
 + Level 8.8 Fighting
 + Level 7.7 Maces & Flails
 + Level 8.9 Armour
 + Level 8.9 Shields


You had 9 spell levels left.
You didn't know any spells.
Your spell library contained the following spells:

 Spells                   Type           Power      Damage    Failure   Level
 Kiss of Death            Conj/Necr      0%         2d5       96%         1
 Shock                    Conj/Air       0%         1d3       96%         1
 Ensorcelled Hibernation  Hex/Ice        0%         N/A       99%         2
 Scorch                   Fire           0%         2d5       99%         2
 Confusing Touch          Hex            0%         N/A       100%        3
 Spider Form              Tmut/Pois      0%         N/A       100%        3
 Swiftness                Air            0%         N/A       100%        3
 Airstrike                Air            0%         2d(0-16)  100%        4
 Anguish                  Hex/Necr       0%         N/A       100%        4
 Dispel Undead            Necr           0%         3d6       100%        4
 Flame Wave               Conj/Fire      0%         2d4       100%        4
 Lightning Bolt           Conj/Air       0%         1d11      100%        5
 Summon Lightning Spire   Summ/Air       Unusable   N/A       N/A         4
 Summon Cactus Giant      Summ           Unusable   N/A       N/A         6

Dungeon Overview and Level Annotations

Branches:
Dungeon (9/15)             Temple (1/1) D:5           Sewer (visited)
   Lair: D:8-11         Orc: D:9-12

Altars:
Cheibriados
Dithmenos
Elyvilon
Fedhas
Gozag
Hepliaklqana
Kikubaaqudgha
Makhleb
Nemelex Xobeh
Okawaru
Qazlal
Ru
Sif Muna
Trog
Uskayaw
Vehumet
Xom
Zin
Lugonu

Shops:
D:1 ?   D:6 :   D:8 *

Annotations:
D:2 1 runed translucent door, Crazy Yiuf
D:7 3 runed translucent doors, jimonade's ghost, novice OgWr
D:9 Erica


Innate Abilities, Weirdness & Mutations

You are immune to sickness and miasma.
Your stone body is resilient. (AC +7)
You are immune to poison.
You resist negative energy. (rN+)
You are resistant to electric shocks. (rElec)
You are resistant to unholy torment.
You are immune to petrification.


Message History

The troll bites you! You block the troll's attack. The troll barely misses you.
There is a stone staircase leading up here.
The troll bites you but does no damage. You block the troll's attack.
The troll claws you but does no damage.
You fly upwards.
There is a stone staircase leading down here.
The troll attacks as you move away! The troll bites you! The troll claws you.
The troll claws you but does no damage.
Items here: $ ) = †.
You hit the troll but do no damage.
Your weapon exudes an aura of protection.
The troll bites you but does no damage. You block the troll's attack.
The troll claws you.
* * * LOW HITPOINT WARNING * * *
You hit the troll.
The troll is lightly wounded.
You block the troll's attack. x2; The troll claws you but does no damage.
You closely miss the troll.
The troll is lightly wounded.
You block the troll's attack. x2; The troll claws you!
* * * LOW HITPOINT WARNING * * *
You hit the troll.
The troll is lightly wounded.
You block the troll's attack. The troll claws you but does no damage.
The troll barely misses you.
You hit the troll.
The troll is lightly wounded.
The troll closely misses you. The troll claws you but does no damage.
You block the troll's attack.
You hit the troll but do no damage.
The troll is lightly wounded.
The troll bites you but does no damage. You block the troll's attack.
The troll claws you but does no damage.
You hit the troll.
The troll is moderately wounded.
You block the troll's attack.
The troll claws you but does no damage. x2
You sock the troll!
The troll is heavily wounded.
The troll bites you!
You die...

#..(..#...........#
#.#...##.########.# ###........#
#.# #.........## #.# #.#.#####.#
#.# # #.#.....#.# #.# #
#.....).#.# #.# #
################(# #.# #
#.............@T.# #.# #
###.##############)## #.####
....# #########..## #..... .##.#
#........(..############ .####
#.#..................... .####
#.#........#.###.......# ....##
#.#........#...........#
.##..#####.#############........#
...........# ##..######


You could see a troll.

Vanquished Creatures
  Pikel (D:7)
  A cyclops (D:8)
  A hornet (D:8)
  Prince Ribbit (D:8)
  A steam dragon (D:8)
  Grum (D:8)
  4 vampire mosquitoes (D:8)
  2 water moccasins
  A sky beast (D:8)
  Pargi (Sewer)
  2 black bears
  An ice beast (D:6)
  2 wolves (D:8)
  2 ogres (D:6)
  A phantom (D:5)
  2 kobold brigands
  A gnoll sergeant (D:8)
  A bullfrog (D:8)
  2 scorpions
  3 necrophages
  3 howler monkeys
  4 hounds (D:5)
  A jelly (D:8)
  A gnoll bouda (D:6)
  4 iguanas
  2 orc wizards
  13 gnolls
  10 adders
  A white imp (D:7)
  2 ufetubi
  4 worms
  2 dart slugs
  28 orcs
  7 endoplasms
  5 giant cockroaches
  6 goblins
  5 hobgoblins
  4 jackals (D:2)
  13 kobolds
  4 quokkas
  8 ball pythons
  8 bats
  2 frilled lizards (D:2)
  11 rats
179 creatures vanquished.

Vanquished Creatures (others)
  2 plants (D:8)
2 creatures vanquished.

Grand Total: 181 creatures vanquished

Notes
Turn   | Place    | Note
-------+----------+-------------------------------------------
     0 | D:1      | Dittersdorf the Gargoyle Fighter began the quest for the
                  | Orb.
     0 | D:1      | Reached XP level 1. HP: 14/14 MP: 1/1
   250 | D:1      | Reached XP level 2. HP: 19/19 MP: 2/2
   407 | D:1      | Found Xaonappu's Magic Scroll Emporium.
   667 | D:2      | Reached XP level 3. HP: 23/23 MP: 3/3
   988 | D:2      | Reached XP level 4. HP: 9/29 MP: 4/4
  1195 | D:2      | Found a runed translucent door.
  1196 | D:2      | Noticed Crazy Yiuf
  1634 | D:3      | Found a hide-covered altar of Uskayaw.
  1827 | D:3      | Found a sacrificial altar of Ru.
  1965 | D:3      | Found a white marble altar of Elyvilon.
  2149 | D:4      | Noticed a scorpion
  2164 | D:3      | Killed a scorpion
  2165 | D:3      | Reached XP level 5. HP: 28/34 MP: 5/5
  2210 | D:4      | Found a shadowy altar of Dithmenos.
  2299 | D:4      | Reached XP level 6. HP: 26/39 MP: 6/6
  2629 | D:4      | Found a hazy altar of Hepliaklqana.
  2660 | D:4      | Found an opulent altar of Gozag.
  3089 | D:4      | Reached skill level 5 in Armour
  3239 | D:5      | Entered Level 5 of the Dungeon
  3283 | D:5      | Found a staircase to the Ecumenical Temple.
  3292 | D:5      | Reached skill level 5 in Fighting
  3292 | D:5      | Reached skill level 5 in Shields
  3292 | D:5      | Reached XP level 7. HP: 36/44 MP: 7/7
  3366 | Temple   | Entered the Ecumenical Temple
  4289 | D:6      | Found a glowing drain.
  4293 | Sewer    | Entered a sewer
  4359 | Sewer    | Noticed Pargi
  4387 | Sewer    | Killed Pargi
  4388 | Sewer    | Reached XP level 8. HP: 41/51 MP: 8/8
  4703 | D:6      | Reached skill level 5 in Maces & Flails
  4850 | D:6      | Found Egocoa's Book Boutique.
  5297 | D:7      | Found a runed translucent gate.
  5303 | D:7      | Found a runed translucent gate.
  5303 | D:7      | Noticed jimonade's ghost (novice OgWr)
  5305 | D:7      | Found a runed translucent gate.
  5428 | D:7      | Found an ancient bone altar of Kikubaaqudgha.
  5652 | D:7      | Noticed Pikel
  5680 | D:7      | Killed Pikel
  5681 | D:7      | Reached XP level 9. HP: 41/57 MP: 9/9
  5767 | D:7      | Found a burning altar of Makhleb.
  6143 | D:8      | Noticed a cyclops
  6201 | D:8      | Found an iron altar of Okawaru.
  6211 | D:8      | Became a worshipper of Warmaster Okawaru
  6257 | D:8      | Found Ykudo's Serpentskin Sales.
  6333 | D:8      | Noticed Grum
  6360 | D:8      | Killed Grum
  6520 | D:8      | Found a snail-covered altar of Cheibriados.
  6669 | D:8      | Noticed Prince Ribbit
  6719 | D:8      | Reached * piety under Okawaru
  6732 | D:8      | Killed Prince Ribbit
  6846 | D:8      | Killed a cyclops
  6847 | D:8      | Reached XP level 10. HP: 34/64 MP: 10/10
  7060 | D:8      | Reached ** piety under Okawaru
  7382 | D:8      | Found a radiant altar of Vehumet.
  7608 | D:9      | Noticed Erica
  7609 | D:9      | Noticed a manticore
  7627 | D:8      | HP: 3/65 [barbs]
  7727 | D:8      | Slain by a troll

Illustrated notes

Levels and vault maps discovered:
D:1:      wander_arrival_abandoned_jail, layout_rooms, serial_shops,
          nicolae_shop_advertising_works [nicolae_subvault_shop_adworks],
          serial_bayou_pond_a, serial_park_tiny_1, palyth_stone_intersect,
          minmay_crystal_room, minmay_misc_feat_nine_boxes
D:2:      layout_loops_cross, minmay_tromino_v7, uniq_crazy_yiuf_cottage
D:3:      layout_basic, mainiacjoe_overflow_brackets, nicolae_uskayaw_suspiria,
          mainiacjoe_overflow_alcove_4
D:4:      layout_basic, nicolae_dithmenos_shadow_blocks,
          mainiacjoe_overflow_two_lobes
D:5:      layout_loops_ring, minmay_temple_entry_statues_fountains,
          kennysheep_dice
D:6:      layout_rooms, serial_shops, shop, gup_sewer_entry_bowl
D:7:      layout_basic, mainiacjoe_overflow_concentric_impassable,
          mainiacjoe_overflow_24_doors, ebering_ghost_rock_garden, uniq_pikel
D:8:      layout_basic, cheibriados_altar_1, vehumet_crystals,
          mainiacjoe_overflow_tiny_flanked, guppyfry_shop_venom,
          uniq_prince_ribbit1, uniq_grum
D:9:      minmay_opposing_rooms, layout_rooms, nicolae_tso_swordbearing_angel,
          nicolae_ashenzari_skybound, enter_bailey_5, uniq_maurice, uniq_erica
Temple:   corrupted_temple

Skill      XL: |  1  2  3  4  5  6  7  8  9 |
---------------+----------------------------+-----
Fighting       | 4 5 7 8 |  8.8
Armour         | 4 5 7 8 |  8.9
Shields        | 4 5 7 8 |  8.9
Maces & Flails | 3 4 6 7 |  7.7

Action                     |  1- 3 |  4- 6 |  7- 9 | 10-12 || total
---------------------------+-------+-------+-------+-------++-------
  Melee: Flail             |   124 |   210 |   469 |   161 ||   964
    Use: Scroll            |       |    11 |     9 |     1 ||    21
         Potion            |       |       |       |     5 ||     5
 Armour: Scale mail        |    97 |   110 |    48 |       ||   255
         Chain mail        |       |       |   273 |   104 ||   377
  Dodge: Dodged            |    84 |    72 |   165 |    68 ||   389
  Block: Buckler           |    26 |    47 |   204 |   110 ||   387
         Reflection        |       |       |     1 |       ||     1

Table legend: (Time is in decaauts)
 A = Elapsed time spent in this place.
 B = Non-inter-level travel time spent in this place.
 C = Inter-level travel time spent in this place.
 D = Time resting spent in this place.
 E = Time spent auto-exploring this place.
 F = Levels seen in this place.
 G = Mean time per level.
                   A        B        C        D        E       F      G
               +--------+--------+--------+--------+--------+-----+--------+
         Total |   7915 |   7400 |    515 |    799 |   4539 |  11 |  719.5 |
       Dungeon |   7716 |   7212 |    504 |    799 |   4416 |   9 |  857.3 |
        Temple |     46 |     35 |     11 |      0 |     28 |   1 |   46.0 |
         Sewer |    152 |    152 |      0 |      0 |     95 |   1 |  152.0 |
               +--------+--------+--------+--------+--------+-----+--------+

Top non-repeatable levels by time:
     D:8: 1502 daAuts
     D:4: 1073 daAuts
     D:2: 1047 daAuts
     D:5: 994 daAuts
     D:7: 909 daAuts
     D:6: 886 daAuts
     D:3: 690 daAuts
     D:1: 537 daAuts
   Sewer: 152 daAuts
     D:9: 74 daAuts
  Temple: 46 daAuts
